 Dungeon Crawl Stone Soup version 0.17-a0-848-g7e5c6af (webtiles) character file.

35 xeno23 the Ogre Mage (level 3, -1/31 HPs)
             Began as an Ogre Wizard on Apr 28, 2015.
             Killed from afar by Ijyb (11 damage)
             ... with a wand of flame
             ... on level 2 of the Dungeon.
             The game lasted 00:07:37 (1591 turns).

xeno23 the Ogre Mage (Ogre Wizard)                  Turns: 1591, Time: 00:07:37

Health: -1/31      AC:  3    Str: 13    XL:     3   Next: 33%
Magic:  8/8        EV:  9    Int: 17    God:
Gold:   48         SH:  0    Dex:  8    Spells: 5 memorised, 0 levels left

rFire  . . .     SeeInvis .     f - +0 dagger
rCold  . . .     Clarity  .     a - +0 robe
rNeg   . . .     SustAb   .     (no shield)
rPois  .         Gourm    .     b - +0 hat
rElec  .         Spirit   .     (no cloak)
rCorr  .         Warding  .     (gloves unavailable)
rMut   .         Stasis   .     (boots unavailable)
MR     .....                    (no amulet)
Stlth  +.........               (no ring)
                                (no ring)

@: confused, not resistant to hostile enchantments, very unstealthy
A: unfitting armour, tough skin 1
a: no special abilities


You were on level 2 of the Dungeon.
You were not hungry.

You visited 1 branch of the dungeon, and saw 2 of its levels.

You collected 48 gold pieces.

Inventory:

Hand weapons
 f - a +0 dagger (weapon)
 h - a +0 hunting sling
Armour
 a - a +0 robe (worn)
 b - a +0 hat (worn)
Jewellery
 o - an uncursed ring of teleportation
Scrolls
 e - 2 scrolls of teleportation
Potions
 k - a potion of might
 m - a potion of haste
Books
 c - a book of Minor Magic

   Spells                             Type                      Level
   a - Magic Dart                     Conjuration                  1
   b - Blink                          Translocation                2
   c - Call Imp                       Summoning                    2
   d - Repel Missiles                 Charms/Air                   2
   e - Slow                           Hexes                        2
   f - Conjure Flame                  Conjuration/Fire             3
   g - Mephitic Cloud                 Conjuration/Poison/Air       3
Comestibles
 d - a bread ration
 j - a meat ration
 n - a slice of pizza


   Skills:
 - Level 1.8 Dodging
 - Level 1.5 Stealth
 + Level 4.2 Spellcasting
 * Level 1.7 Conjurations
 - Level 0.6 Summonings
 - Level 0.6 Translocations


You couldn't memorise any spells.
You knew the following spells:

 Your Spells              Type           Power        Failure   Level  Hunger
a - Magic Dart            Conj           #...         10%         1    None
b - Blink                 Tloc           N/A          21%         2    ##.....
c - Call Imp              Summ           #.......     21%         2    ##.....
d - Conjure Flame         Conj/Fire      #.......     38%         3    ###....
r - Repel Missiles        Chrm/Air       #.....       24%         2    ##.....


Dungeon Overview and Level Annotations

Branches:
Dungeon (2/15)

Altars:

Annotations:
D:2 Ijyb


Innate Abilities, Weirdness & Mutations

You are too large for most types of armour.
You have tough skin (AC +1).


Message History

Aim: Ijyb, carrying a wand of flame {zapped: 3} (black smoke, lightly wounded, unusually resistant)
The magic dart hits Ijyb.
Ijyb is lightly wounded.
Ijyb zaps a wand.
The puff of flame hits you!
You take 10 damage.
Ijyb zaps a wand.
The puff of flame hits you!
* * * LOW HITPOINT WARNING * * *
You take 7 damage.
Drink which item? (? for menu, Esc to quit)
You are confused.
You feel invigorated.
Ijyb zaps a wand.
The puff of flame hits you!
* * * LOW HITPOINT WARNING * * *
Ijyb zaps a wand.
The puff of flame hits you!
* * * LOW HITPOINT WARNING * * *
You take 5 damage.
You bump into the rock wall.
Your crimson imp blinks!
Ijyb screams, "Me very upset!"
Ijyb zaps a wand.
The puff of flame hits you!
You die...

################
#......@...g.§.#
#.############.#
#.# #§# #.# #.#
###'#### #.#
#......# #.#
#......# #5#
#......# #..
#......# #.?


You could see Ijyb.

Vanquished Creatures
  An adder (D:1)
  An ooze (D:1)
  A ball python (D:1)
  3 bats
  A giant cockroach (D:1)
  A goblin (D:1)
  2 hobgoblins (D:1)
  4 jackals (D:1)
  2 giant newts (D:1)
  2 kobolds (D:1)
  2 rats (D:1)
20 creatures vanquished.

Notes
Turn   | Place    | Note
--------------------------------------------------------------
     0 | D:1      | xeno23, the Ogre Wizard, began the quest for the Orb.
     0 | D:1      | Reached XP level 1. HP: 16/16 MP: 5/5
   383 | D:1      | Reached XP level 2. HP: 22/24 MP: 1/6
   387 | D:1      | Learned a level 2 spell: Blink
   390 | D:1      | Learned a level 2 spell: Call Imp
   393 | D:1      | Learned a level 2 spell: Repel Missiles
   419 | D:1      | Reached skill level 1 in Conjurations
   656 | D:1      | Reached skill level 4 in Spellcasting
   822 | D:1      | Reached XP level 3. HP: 24/31 MP: 0/8
   827 | D:1      | Learned a level 3 spell: Conjure Flame
  1564 | D:2      | Noticed Ijyb
  1591 | D:2      | Killed from afar by Ijyb

Action                   || total
-------------------------++-------
Melee: Unarmed           ||    15
       Dagger            ||    76
 Cast: Magic Dart        ||    50
       Repel Missiles    ||     1
       Call Imp          ||     2
  Use: Scroll            ||     5
       Potion            ||     1
  Eat: Chunk             ||     2
